 Dungeon Crawl Stone Soup version 0.31-a0-200-gbc41564c69 (webtiles) character file.

Game seed: 10182179169779513955

2755 emergency the Fighter (level 9, -8/60 HPs)
             Began as a Gargoyle Gladiator on June 26, 2023.
             Was a Follower of Cheibriados.
             Killed from afar by an acid dragon (25 damage)
             ... with a splash of acid
             ... on level 8 of the Dungeon.
             The game lasted 00:24:20 (7294 turns).

emergency the Fighter (Gargoyle Gladiator)          Turns: 7294, Time: 00:24:21

Health: -8/60      AC: 14    Str: 24    XL:     9   Next: 69%
Magic:  11/11      EV: 11    Int: 19    God:    Cheibriados [*.....]
Gold:   398        SH:  0    Dex: 14    Spells: 4/10 levels left

rFire   . . .        a - +0 quarterstaff
rCold   . . .        (shield currently unavailable)
rNeg    + . .        I - +0 scale mail
rPois   ∞            c - +0 helmet
rElec   +            J - +2 cloak
rCorr   .            (no gloves)
SInv    .            (no boots)
Will    .....        o - amulet of the acrobat
Stlth   +            p - +6 ring of intelligence
HPRegen 0.30/turn    (no ring)
MPRegen 0.12/turn

%: acrobat
@: corroded, very slow
A: sickness immunity, AC +6, negative energy resistance 1, electricity
resistance, torment resistance 1, petrification resistance
a: Renounce Religion, Bend Time


You were on level 8 of the Dungeon.
You worshipped Cheibriados.
Cheibriados was aware of your devotion.
You visited 2 branches of the dungeon, and saw 9 of its levels.
You also visited: Ossuary.

You collected 398 gold pieces.

Inventory:

Hand Weapons
 a - a +0 quarterstaff (weapon)
 h - a +2 flail of protection
 t - a +1 short sword of electrocution
 H - a +2 whip of electrocution
Missiles
 d - 5 throwing nets
 e - a javelin
 E - 6 poisoned darts (quivered)
Armour
 c - a +0 helmet (worn)
 I - a +0 scale mail (worn)
 J - a +2 cloak (worn)
Jewellery
 o - an amulet of the acrobat (around neck)
 p - a +6 ring of intelligence (left hand)
 F - an amulet of faith
Wands
 r - a wand of flame (10)
 B - a wand of mindburst (15)
 K - a wand of charming (16)
Scrolls
 m - a scroll of brand weapon {unknown}
 n - 5 scrolls of teleportation
 q - a scroll of blinking
 u - 2 scrolls of vulnerability
 v - 3 scrolls of poison
 x - 4 scrolls of fear
 y - a scroll of fog
 A - 4 scrolls of summoning
 M - a scroll of enchant armour {unknown}
 N - a scroll of identify {@ri}
 O - a scroll of enchant weapon {unknown}
Potions
 b - 2 potions of magic
 f - a potion of curing
 g - a potion of berserk rage {unknown}
 i - a potion of experience {unknown}
 j - 2 potions of enlightenment
 k - 2 potions of ambrosia {unknown}
 l - a potion of invisibility {unknown}
 s - 3 potions of attraction
 w - 3 potions of heal wounds
 z - 2 potions of mutation
 C - 2 potions of might {unknown}
 D - a potion of cancellation {unknown}
 G - 3 potions of brilliance {unknown}
 L - 2 potions of resistance {unknown}


   Skills:
 + Level 8.4 Fighting
 + Level 7.9 Staves
 - Level 1.7 Throwing
 + Level 6.2 Armour
 - Level 2.4 Dodging
 - Level 2.0 Stealth
 + Level 1.1 Spellcasting
 + Level 3.5 Invocations
 - Level 2.0 Evocations


You had 4 spell levels left.
You knew the following spells:

 Your Spells              Type           Power      Damage    Failure   Level
a - Blink                 Tloc           2%         N/A       54%         2
b - Wereblood             Tmut           1%         N/A       54%         2
c - Poisonous Vapours     Pois/Air       2%         N/A       54%         2

Your spell library contained the following spells:

 Spells                   Type           Power      Damage    Failure   Level
 Apportation              Tloc           2%         N/A       38%         1
 Beastly Appendage        Tmut           2%         N/A       38%         1
 Kiss of Death            Conj/Necr      4%         2d5       38%         1
 Sandblast                Erth           2%         2d4       38%         1
 Lesser Beckoning         Tloc           2%         N/A       54%         2
 Momentum Strike          Conj/Tloc      2%         3d8       54%         2
 Passwall                 Tmut/Erth      0%         N/A       54%         2
 Confusing Touch          Hex            1%         N/A       77%         3
 Dazzling Flash           Conj/Hex       2%         N/A       77%         3
 Gell's Gravitas          Tloc           1%         N/A       77%         3
 Mephitic Cloud           Conj/Pois/Air  1%         N/A       77%         3
 Spider Form              Tmut/Pois      1%         N/A       77%         3
 Stone Arrow              Conj/Erth      2%         3d7       77%         3
 Teleport Other           Tloc           1%         N/A       77%         3
 Volatile Blastmotes      Fire/Tloc      2%         2d10      77%         3
 Dispel Undead            Necr           1%         3d6       99%         4
 Iskenderun's Mystic Bla  Conj/Tloc      1%         2d3       99%         4
 Alistair's Intoxication  Tmut/Pois      0%         N/A       100%        5
 Freezing Cloud           Conj/Ice/Air   0%         6-21      100%        5
 Starburst                Conj/Fire      0%         6d3       100%        6
 Malign Gateway           Summ/Tloc      0%         N/A       100%        7
 Storm Form               Tmut/Air       0%         N/A       100%        7
 Maxwell's Capacitive Co  Air            0%         ∞         100%        8
 Summon Horrible Things   Summ           0%         N/A       100%        8


Dungeon Overview and Level Annotations

Branches:
Dungeon (8/15)             Temple (1/1) D:6         Ossuary (visited)
   Lair: D:8-11

Altars:
Ashenzari
Cheibriados
Dithmenos
Fedhas
Gozag
Hepliaklqana
Makhleb
Nemelex Xobeh
Okawaru
Ru
Sif Muna
Trog
Vehumet
Wu Jian
Xom
Yredelemnul


Innate Abilities, Weirdness & Mutations

You are immune to sickness and miasma.
Your stone body is resilient. (AC +6)
You are immune to poison.
You resist negative energy. (rN+)
You are resistant to electric shocks. (rElec)
You are resistant to unholy torment.
You are immune to petrification.


Message History

You sock the acid dragon!
The acid dragon is heavily wounded.
The acid dragon closely misses you. The acid dragon claws you.
You barely miss the acid dragon.
The acid dragon is heavily wounded.
The acid dragon spits acid at you. The splash of acid hits you!
The acid corrodes you!
You feel better.
The acid dragon bites you but does no damage.
The acid dragon closely misses you.
You hit the acid dragon.
The acid dragon is heavily wounded.
The acid dragon bites you. The acid dragon misses you.
You hit the acid dragon but do no damage.
The acid dragon is heavily wounded.
The acid dragon bites you but does no damage.
The acid dragon barely misses you.
You hit the acid dragon.
The acid dragon is severely wounded.
The acid dragon closely misses you. The acid dragon claws you.
You barely miss the acid dragon.
The acid dragon is severely wounded.
The acid dragon completely misses you.
The acid dragon claws you but does no damage.
You closely miss the acid dragon.
The acid dragon is severely wounded.
The acid dragon misses you.
The acid dragon claws you but does no damage.
You hit the acid dragon but do no damage.
The acid dragon is severely wounded.
You hit the acid dragon.
The acid dragon is severely wounded.
The acid dragon bites you!
* * * LOW HITPOINT WARNING * * *
The acid dragon claws you but does no damage.
You hit the acid dragon.
The acid dragon is severely wounded.
The acid dragon spits acid at you. The splash of acid hits you!!
You die...

##........#
##.......#
##..#..##
######.##+###
.............#
...#.........#
#.........#
#.........#
######@...#
#D...# #....#
.....# ......#
.####### .. ..
.D


You could see an acid dragon (catching breath).

Vanquished Creatures
  Pikel (D:6)
  A steam dragon (D:7)
  Edmund (D:5)
  A water moccasin (D:6)
  2 orc warriors
  An ice beast (D:6)
  A black bear (D:4)
  4 centaurs (D:7)
  A kobold brigand (D:6)
  2 bullfrogs
  A scorpion (D:6)
  3 wights (D:7)
  2 hounds
  7 orc priests
  Crazy Yiuf (D:6)
  5 orc wizards
  2 sleepcaps
  An iguana (D:4)
  5 mummies
  3 gnolls (D:5)
  10 adders
  2 shadow imps
  3 white imps
  2 ufetubi
  3 dart slugs
  22 orcs
  4 bats
  5 endoplasms
  4 giant cockroaches
  5 goblins
  10 hobgoblins
  10 jackals
  11 kobolds
  4 quokkas
  7 ball pythons
  2 frilled lizards
  A gnoll zombie (Ossuary)
  2 goblin zombies (Ossuary)
  3 kobold zombies (Ossuary)
  2 orc zombies (Ossuary)
  7 rats
164 creatures vanquished.

Vanquished Creatures (others)
  An orc priest (D:5)
1 creature vanquished.

Grand Total: 165 creatures vanquished

Notes
Turn   | Place    | Note
-------+----------+-------------------------------------------
     0 | D:1      | emergency the Gargoyle Gladiator began the quest for the
                  | Orb.
     0 | D:1      | Reached XP level 1. HP: 12/12 MP: 1/1
    80 | D:1      | Reached XP level 2. HP: 7/18 MP: 2/2
   258 | D:1      | Reached skill level 1 in Stealth
   273 | D:1      | Reached skill level 1 in Armour
   364 | D:1      | Reached XP level 3. HP: 22/22 MP: 3/3
  1156 | D:2      | Reached skill level 3 in Fighting
  1156 | D:2      | Reached XP level 4. HP: 26/28 MP: 4/4
  1464 | D:3      | Found a faded altar of an unknown god.
  1995 | D:4      | Reached XP level 5. HP: 31/32 MP: 5/5
  2103 | D:4      | Noticed a black bear
  2121 | D:4      | Killed a black bear
  2122 | D:4      | Reached skill level 4 in Fighting
  2122 | D:4      | Reached XP level 6. HP: 36/38 MP: 6/6
  2176 | D:4      | Found a sand-covered staircase.
  2187 | Ossuary  | Entered an ossuary
  3194 | D:5      | Entered Level 5 of the Dungeon
  3205 | D:5      | Reached skill level 1 in Evocations
  3451 | D:5      | Reached XP level 7. HP: 4/44 MP: 7/7
  4133 | D:5      | Noticed Edmund
  4162 | D:5      | Killed Edmund
  4163 | D:5      | Reached skill level 5 in Fighting
  4163 | D:5      | Reached skill level 5 in Staves
  4817 | D:6      | Found an opulent altar of Gozag.
  4940 | D:6      | Reached skill level 5 in Armour
  4940 | D:6      | Reached XP level 8. HP: 19/51 MP: 8/8
  5133 | D:6      | Found a staircase to the Ecumenical Temple.
  5149 | D:6      | Reached skill level 6 in Fighting
  5155 | Temple   | Entered the Ecumenical Temple
  5374 | Temple   | Became a worshipper of Cheibriados the Contemplative
  5464 | D:6      | Found a runed translucent door.
  5465 | D:6      | Noticed Crazy Yiuf
  5662 | D:6      | Noticed Pikel
  5684 | D:6      | Killed Pikel
  5685 | D:6      | Reached skill level 7 in Fighting
  5879 | D:6      | Found a burning altar of Makhleb.
  5905 | D:6      | Found a sparkling altar of Nemelex Xobeh.
  5908 | D:6      | Found a bloodstained altar of Trog.
  6028 | D:6      | Killed Crazy Yiuf
  6119 | D:7      | Reached skill level 1 in Invocations
  6119 | D:7      | Reached XP level 9. HP: 51/57 MP: 9/9
  6461 | D:7      | Reached skill level 8 in Fighting
  6462 | D:7      | Reached * piety under Cheibriados
  6735 | D:7      | Found an iron altar of Okawaru.
  6823 | D:7      | Learned a level 2 spell: Blink
  6826 | D:7      | Learned a level 2 spell: Wereblood
  6829 | D:7      | Learned a level 2 spell: Poisonous Vapours
  7172 | D:8      | Reached skill level 1 in Spellcasting
  7294 | D:8      | Killed from afar by an acid dragon

Illustrated notes

Levels and vault maps discovered:
D:1:      lightli_arrival_statuegarden, layout_basic
D:2:      layout_basic
D:3:      layout_loops_cross, chequers_ecumenical_altar_lobes, minmay_ruptured
D:4:      layout_loops_cross, gup_ossuary_entry_pyramid
D:5:      layout_loops_ring, uniq_edmund
D:6:      layout_rooms, nicolae_gozag_seed_capital,
          minmay_overflow_temple_star_quad, minmay_temple_entry_butterflies,
          uniq_crazy_yiuf_cottage, uniq_pikel
D:7:      layout_cave_pods, okawaru_ov_weapons_minmay
D:8:      layout_gridville, dreamdust_divine_triumvirate,
          nicolae_overflow_hidden_temple, david_lair_generic,
          kennysheep_pointless_box, minmay_three_doors
Temple:   grunt_temple_mini_profane

Skill      XL: |  1  2  3  4  5  6  7  8  9 |
---------------+----------------------------+-----
Stealth        | 1 2 |  2.0
Armour         | 1 2 3 5 6 |  6.2
Fighting       | 3 4 5 7 8 |  8.4
Staves         | 4 5 7 |  7.9
Evocations     | 1 2 |  2.0
Invocations    | 1 3 |  3.5
Spellcasting   | 1 |  1.1
Throwing       | |  1.7
Dodging        | |  2.4

Action                     |  1- 3 |  4- 6 |  7- 9 || total
---------------------------+-------+-------+-------++-------
  Melee: Quarterstaff      |   106 |   198 |   362 ||   666
  Throw: Dart              |       |     7 |    11 ||    18
         Javelin           |       |     2 |       ||     2
         Throwing net      |       |       |     1 ||     1
    Use: Scroll            |       |     1 |    10 ||    11
         Potion            |       |     2 |     2 ||     4
   Stab: Sleeping          |     1 |     3 |       ||     4
 Armour: Leather armour    |    37 |       |       ||    37
         Ring mail         |    10 |    92 |    86 ||   188
         Scale mail        |       |       |   131 ||   131
  Dodge: Dodged            |    68 |   115 |   218 ||   401

Table legend: (Time is in decaauts)
 A = Elapsed time spent in this place.
 B = Non-inter-level travel time spent in this place.
 C = Inter-level travel time spent in this place.
 D = Time resting spent in this place.
 E = Time spent auto-exploring this place.
 F = Levels seen in this place.
 G = Mean time per level.
                   A        B        C        D        E       F      G
               +--------+--------+--------+--------+--------+-----+--------+
         Total |   7711 |   7353 |    358 |    720 |   5032 |  10 |  771.1 |
       Dungeon |   6993 |   6717 |    276 |    522 |   4740 |   8 |  874.1 |
        Temple |    255 |    174 |     81 |      0 |    170 |   1 |  255.0 |
       Ossuary |    461 |    461 |      0 |    198 |    122 |   1 |  461.0 |
               +--------+--------+--------+--------+--------+-----+--------+

Top non-repeatable levels by time:
     D:5: 1557 daAuts
     D:7: 1255 daAuts
     D:6: 1249 daAuts
     D:3: 850 daAuts
     D:4: 728 daAuts
     D:1: 661 daAuts
     D:2: 526 daAuts
 Ossuary: 461 daAuts
  Temple: 255 daAuts
     D:8: 165 daAuts
